AoeStats
← PEPEroncini

Lombardia

507680098Analyzed
3v3 RM · 14d ago on Sep 19, 2026· 58m 5s· 6 players
Game mode
Random Map
Map size
Normal (6 player)
Population
200
Speed
Normal
Resources
Standard
Victory
Conquest
Starting age
Dark Age
Ending age
Imperial Age
RankedLock teamsTeams togetherTeam positionsShared explorationLock speedFull tech treeHidden civsTurbo modeCheats
Victory
Defeat
🇻🇳 Bohemians · Vietnam
820
+15
🇨🇭 Persians · Switzerland
772
+17
🇯🇵 Bengalis · Japan
753
+18
🇲🇽 Italians · Mexico
818
-17
🇲🇽 Mongols · Mexico
803
-17
🇲🇽 Vietnamese · Mexico
784
-16
ogipochi_
4:03 Loom
11:35 Feudal Age
12:44 Double-Bit Axe
13:00 Horse Collar
13:39 Gold Mining
14:33 Stone Mining
15:56 Wheelbarrow
15:08 Town Watch
16:27 Bloodlines
17:55 Forging
18:24 Scale Barding Armor
23:50 Castle Age
24:37 Husbandry
26:05 Bow Saw
28:56 Iron Casting
30:14 Heavy Plow
33:02 Paiks
36:07 Imperial Age
34:09 Fletching
34:20 Padded Archer Armor
34:59 Caravan
36:10 Ballistics
36:04 Fortified Wall
35:50 Murder Holes
36:06 Masonry
36:12 Bodkin Arrow
37:40 Conscription
37:49 Mahayana
38:27 Hand Cart
38:12 Town Patrol
39:01 Elite Ratha (Ranged)
39:50 Bracer
40:44 Elite Battle Elephant
44:41 Chemistry
44:13 Architecture
43:49 Siege Engineers
PEPEroncini
9:57 Feudal Age
10:20 Double-Bit Axe
12:48 Loom
14:27 Horse Collar
16:07 Wheelbarrow
20:58 Castle Age
21:45 Bow Saw
22:05 Heavy Plow
22:00 Stone Mining
25:19 Hand Cart
28:50 Gold Mining
32:33 Stone Shaft Mining
32:30 Thumb Ring
32:40 Forging
32:21 Fletching
33:34 Devotion
33:52 Scale Barding Armor
34:30 Kamandaran
36:48 Gold Shaft Mining
36:46 Crossbowman
38:06 Iron Casting
37:27 Bodkin Arrow
42:01 Imperial Age
40:12 Ballistics
40:05 Masonry
42:10 Town Watch
44:56 Chemistry
43:23 Elite War Elephant
52:27 Two-Man Saw
52:00 Crop Rotation
53:30 Blast Furnace
52:50 Chain Barding Armor
52:34 Padded Archer Armor
55:33 Guilds
ThanhKun
0:51 Loom
12:35 Feudal Age
14:09 Wheelbarrow
14:34 Horse Collar
14:55 Double-Bit Axe
18:16 Man-at-Arms
22:46 Castle Age
25:58 Bow Saw
33:18 Imperial Age
31:05 Fortified Wall
30:34 Crossbowman
33:25 Sanctity
34:24 Chemistry
34:09 Forging
33:50 Fletching
34:00 Padded Archer Armor
34:01 Scale Mail Armor
34:06 Scale Barding Armor
33:27 Long Swordsman
33:27 Pikeman
33:27 Pikeman
36:36 Capped Ram
38:28 Heavy Plow
39:20 Iron Casting
39:01 Chain Mail Armor
39:06 Chain Barding Armor
39:02 Leather Archer Armor
38:42 Bodkin Arrow
40:41 Wagenburg Tactics
40:42 Hussite Reforms
43:59 Arbalester
47:09 Bombard Tower
47:09 Ballistics
47:18 Halberdier
48:17 Houfnice
53:26 Elite Hussite Wagon
53:41 Two-Handed Swordsman
57:31 Champion
XJerkX
0:27 Loom
9:08 Feudal Age
10:04 Double-Bit Axe
11:46 Forging
21:52 Castle Age
21:54 Horse Collar
22:07 Gold Mining
22:08 Stone Mining
24:04 Bow Saw
23:56 Heavy Plow
24:34 Gold Shaft Mining
24:39 Stone Shaft Mining
24:47 Wheelbarrow
29:02 Town Watch
31:29 Hand Cart
31:49 Fletching
33:44 Town Patrol
36:40 Imperial Age
34:07 Bodkin Arrow
34:12 Padded Archer Armor
34:18 Scale Barding Armor
34:18 Husbandry
35:17 Ballistics
35:08 Masonry
35:09 Fortified Wall
35:35 Thumb Ring
35:41 Bloodlines
36:41 Leather Archer Armor
36:47 Chain Barding Armor
36:16 Light Cavalry
37:33 Iron Casting
37:24 Bracer
38:26 Chemistry
37:32 Siege Engineers
37:23 Murder Holes
37:51 Conscription
38:38 Parthian Tactics
38:52 Scale Mail Armor
39:45 Hoardings
39:28 Elite Mangudai
41:29 Blast Furnace
41:50 Chain Mail Armor
41:03 Pikeman
41:43 Squires
41:30 Arson
41:07 Man-at-Arms
41:10 Elite Skirmisher
41:13 Hussar
44:53 Plate Mail Armor
44:54 Drill
48:17 Caravan
48:48 Coinage
51:44 Long Swordsman
51:50 Heavy Camel Rider
jd_buhos
10:43 Feudal Age
15:48 Horse Collar
16:05 Stone Mining
18:30 Wheelbarrow
18:00 Gold Mining
18:02 Double-Bit Axe
23:05 Castle Age
24:34 Fletching
26:11 Bow Saw
27:55 Hand Cart
29:04 Stone Shaft Mining
29:56 Fortified Wall
30:28 Bodkin Arrow
32:24 Padded Archer Armor
32:32 Heavy Plow
36:35 Imperial Age
34:30 Ballistics
34:33 Man-at-Arms
38:47 Silk Road
38:38 Pirotechnia
38:48 Conscription
37:49 Elite Genoese Crossbowman
40:16 Cavalier
40:57 Husbandry
40:18 Light Cavalry
41:10 Bloodlines
44:11 Hussar
49:17 Forging
49:08 Scale Mail Armor
49:13 Scale Barding Armor
49:09 Bracer
49:25 Leather Archer Armor
51:07 Chemistry
51:22 Two-Man Saw
54:52 Long Swordsman
56:30 Iron Casting
56:10 Chain Mail Armor
PaysitoDeQueso
1:23 Loom
11:04 Feudal Age
11:38 Double-Bit Axe
14:35 Horse Collar
14:50 Gold Mining
22:33 Castle Age
21:04 Fletching
26:58 Crossbowman
27:49 Thumb Ring
27:06 Elite Skirmisher
30:02 Bow Saw
32:14 Wheelbarrow
31:36 Town Watch
35:30 Heavy Plow
41:05 Bodkin Arrow
49:11 Forging
49:02 Scale Mail Armor
52:35 Pikeman
Connection lost

Rejoining the realm…

Still unreachable

The connection could not be restored.

Session expired

The server has moved on; the page needs a fresh start.